 Dungeon Sprint DCSS version 0.30-a0-711-gf4ac18a38d (webtiles) character file.

Game seed: 15307279485583860427

7543 mhtbhm the Eviscerator (level 10, -22/49 HPs)
             Began as a Felid Monk on Jan 22, 2023.
             Was the Champion of Makhleb.
             Annihilated by a wolf spider (23 damage)
             ... in the Dungeon (Sprint IX: "|||||||||||||||||||||||||||||").
             The game lasted 00:07:29 (2961 turns).

mhtbhm the Eviscerator (Felid Monk)                 Turns: 2961, Time: 00:07:29

Health: -22/49     AC:  3    Str: 10    XL:     10   Next: 96%
Magic:  19/19      EV: 36    Int: 12    God:    Makhleb [******]
Gold:   267        SH:  0    Dex: 22    Spells: 9/9 levels left
                                        Lives:  0   Deaths: 2

rFire   x . .      SeeInvis +      - Unarmed
rCold   + . .      Faith    .    (shield unavailable)
rNeg    . . .      Spirit   .    (body armour unavailable)
rPois   .          Reflect  .    (helmet unavailable)
rElec   .          Harm     .    (cloak unavailable)
rCorr   .          Rampage  .    (gloves unavailable)
Will    +....      NoTele   +    (boots unavailable)
Stlth   +++++++                  t - amulet of regeneration
HPRegen 1.08/turn                j - +2 ring of protection
MPRegen 0.16/turn                k - +2 ring of evasion

@: lethally poisoned (-22 -> -34), corroded, slowed, slow
A: very small, claws 1, fangs 3, see invisible, speed 1, shaggy fur 3, stealthy
paws, no weapons or thrown items, no armour, multi-lived, iridescent scales 1,
agile 1, low MP 1, heat vulnerability 1
a: Renounce Religion, Minor Destruction, Lesser Servant of Makhleb, Major
Destruction, Greater Servant of Makhleb


You were in the Dungeon.
You worshipped Makhleb.
Makhleb was exalted by your worship.
You visited 1 branch You collected 1946 gold pieces.
You spent 1679 gold pieces at shops.

Inventory:

Armour
 d - a +0 pair of boots
Jewellery
 j - a +2 ring of protection (left paw)
 k - a +2 ring of evasion (right paw)
 p - the ring of Xom's Best Wishes {rF+ Will+}
   (You bought it in a shop in the Dungeon)

   [ring of protection from fire]

   rF:        It protects you from fire.
   Will:      It increases your willpower.
 t - an amulet of regeneration (around neck)
 u - a ring of ice
 v - a ring of willpower
Scrolls
 g - a scroll of fear
 h - 3 scrolls of amnesia
 i - 4 scrolls of identify
 l - 3 scrolls of fog
 m - a scroll of immolation
Potions
 a - a potion of ambrosia
 b - 3 potions of curing
 c - a potion of degeneration {unknown}
 e - 5 potions of magic
 n - 2 potions of mutation
 o - a potion of resistance
 q - a potion of cancellation
 r - a potion of attraction
 s - a potion of lignification
 w - 2 potions of berserk rage
 x - a potion of brilliance


   Skills:
 + Level 9.2 Fighting
 + Level 17.5 Dodging
 * Level 16.3 Stealth
 + Level 21.9 Unarmed Combat
 * Level 14.7 Invocations
 + Level 5.9 Evocations


You had 9 spell levels left.
You didn't know any spells.
Your spell library was empty.

Dungeon Overview and Level Annotations

Branches:
Dungeon (1/1)

Altars:
Cheibriados
Dithmenos
Elyvilon
Fedhas
Gozag
Hepliaklqana
Kikubaaqudgha
Makhleb
Nemelex Xobeh
Okawaru
Qazlal
Ru
Sif Muna
Trog
Uskayaw
Vehumet
Wu Jian
Xom
Yredelemnul
Zin
The Shining One
Jiyva
Lugonu

Shops:
D ??!*


Innate Abilities, Weirdness & Mutations

You have sharp claws.
You have razor-sharp teeth.
You have supernaturally acute eyesight. (SInv)
You cover ground quickly. (Speed+)
Your thick and shaggy fur keeps you warm. (AC +3, rC+)
Your paws help you pounce on unaware monsters.
You are incapable of wielding weapons or throwing items.
You cannot wear armour.
You gain extra lives every three experience levels.
You are partially covered in iridescent scales. (AC +2)
You are agile. (Dex +4, Str/Int -1)
Your magical capacity is low. (-10% MP)
You are vulnerable to heat. (rF-)


Message History

2 torpor snails, a radroach, an entropy weaver and 2 spiders come into view.
Being near the torpor snail leaves you feeling lethargic.
An entropy weaver comes into view.
The wolf spider's many legs skitter.
The orb spider's many legs skitter faintly.
The entropy weaver shouts!
The wolf spider barely misses you. The wolf spider completely misses you.
The entropy weaver points at you and mumbles some strange words.
The entropic weave corrodes you! The wolf spider barely misses you.
The wolf spider completely misses you.
The entropy weaver shouts!
There is an open door to the Spider Nest here.
You claw the wolf spider!
The wolf spider is lightly wounded.
The wolf spider completely misses you. The wolf spider closely misses you.
You scratch the wolf spider but do no damage.
You bite the wolf spider, but do no damage.
The wolf spider is lightly wounded.
The wolf spider completely misses you. The wolf spider bites you!
You are poisoned.
The wolf spider poisons you! The wolf spider completely misses you.
The wolf spider misses you.
Unknown command.
You feel better. The wolf spider hits you.
The wolf spider completely misses you. The wolf spider hits you!!
The wolf spider bites you.
You are lethally poisoned!
The wolf spider poisons you!
You scratch the wolf spider but do no damage.
The wolf spider is lightly wounded.
* * * LOW HITPOINT WARNING * * *
You feel extremely sick. The wolf spider completely misses you.
The wolf spider bites you!
* * * LOW HITPOINT WARNING * * *
You claw the wolf spider!
The wolf spider is moderately wounded.
* * * LOW HITPOINT WARNING * * *
You feel very sick. The wolf spider hits you!!
You die...

,,,,,,,,,,,,,,,,,,,+,,,,,,,,,,,,*
*******************************,*
,,,,,,,,,,,,,,,,,,,,,,,,,,,,,,,,*
*********************************
,,,,,,,,,,,,,,+,,,,,,,,,,,,,,,,,*
*******************************,*
,,,,,,,,,,,,,,,,,,,,,,,,,,,,,,,,*
*********▓▓▓▓▓▓▓▓▓▓▓▓▓▓▓▓▓▓▓▓▓▓▓▓
,,,,,,+,,BwwBBss@...............▓
▓▓▓▓▓▓▓▓▓▓▓▓▓▓▓▓▓▓▓▓▓▓▓▓▓▓▓▓▓▓▓.▓
................................▓
▓▓▓▓▓▓▓▓▓▓▓▓▓▓▓▓▓▓▓▓▓▓▓▓▓▓▓▓▓▓▓▓▓
)[[[[[[[.)))))))).=...'......)..▓
▓▓▓▓▓▓▓▓▓▓▓▓▓▓▓▓▓▓▓▓▓▓▓▓▓▓▓▓▓▓▓[▓
................................▓
▓▓▓▓▓▓▓▓▓▓▓▓▓▓▓▓▓▓▓▓▓▓▓▓▓▓▓▓▓▓▓▓▓
)))))).)....)))).)'....))...).).▓


You could see a radroach, 2 entropy weavers, 2 torpor snails, a wolf spider and
an orb spider.

Vanquished Creatures
  A frost giant (D)
  A very ugly thing (D)
  3 ettins (D)
  An ice dragon (D)
  A centaur warrior (D)
  A two-headed ogre (D)
  A tengu warrior (D)
  7 orc high priests (D)
  Urug (D)
  A death yak (D)
  Nergalle (D)
  4 orc knights (D)
  2 lindwurms (D)
  An ugly thing (D)
  A manticore (D)
  2 cyclopes (D)
  A black mamba (D)
  2 cane toads (D)
  An efreet (D)
  A yaktaur (D)
  2 rime drakes (D)
  A tyrant leech (D)
  2 trolls (D)
  2 polar bears (D)
  A blink frog (D)
  A blink frog (shapeshifter) (D)
  A dream sheep (D)
  2 slime creatures (D)
  A wyvern (D)
  A wraith (D)
  Eustachio (D)
  A vampire mosquito (D)
  4 water moccasins (D)
  8 orc warriors (D)
  A phantom (D)
  3 bullfrogs (D)
  A wight (D)
  A howler monkey (D)
  2 orc priests (D)
  2 hounds (D)
  An iguana (D)
  4 orc wizards (D)
  A hell rat (D)
  5 worms (D)
  16 orcs (D)
  A bat (D)
  An endoplasm (D)
  2 hobgoblins (D)
  A rat (D)
104 creatures vanquished.

Notes
Turn   | Place    | Note
-------+----------+-------------------------------------------
     0 | D        | mhtbhm the Felid Monk began the quest for the Orb.
     0 | D        | Reached XP level 1. HP: 10/10 MP: 2/2
    19 | D        | Noticed a hound
    19 | D        | Noticed a phantom
    19 | D        | Noticed a hound
    19 | D        | Noticed an iguana
    24 | D        | Killed an iguana
    25 | D        | Reached skill level 4 in Unarmed Combat
    25 | D        | Reached XP level 2. HP: 15/15 MP: 3/3
    25 | D        | Reached XP level 3. HP: 18/18 MP: 4/4
    27 | D        | Reached skill level 5 in Unarmed Combat
    32 | D        | Killed a phantom
    33 | D        | Reached skill level 5 in Fighting
    33 | D        | Reached skill level 5 in Stealth
    33 | D        | Reached skill level 6 in Unarmed Combat
    33 | D        | Reached XP level 4. HP: 23/23 MP: 5/5
    36 | D        | Reached skill level 7 in Unarmed Combat
    36 | D        | Reached XP level 5. HP: 27/27 MP: 6/6
    58 | D        | Found a snail-covered altar of Cheibriados.
    58 | D        | Found a shadowy altar of Dithmenos.
    58 | D        | Found a white marble altar of Elyvilon.
    58 | D        | Found a blossoming altar of Fedhas.
    58 | D        | Found an opulent altar of Gozag.
    59 | D        | Found a hazy altar of Hepliaklqana.
    60 | D        | Found a viscous altar of Jiyva.
    61 | D        | Found an ancient bone altar of Kikubaaqudgha.
    62 | D        | Found a corrupted altar of Lugonu.
    63 | D        | Found a burning altar of Makhleb.
    64 | D        | Found a sparkling altar of Nemelex Xobeh.
    65 | D        | Found an iron altar of Okawaru.
    66 | D        | Found a stormy altar of Qazlal.
    67 | D        | Found a sacrificial altar of Ru.
    68 | D        | Found a shimmering blue altar of Sif Muna.
    69 | D        | Found a bloodstained altar of Trog.
    70 | D        | Found a hide-covered altar of Uskayaw.
    71 | D        | Became a worshipper of Makhleb the Destroyer
    71 | D        | Reached * piety under Makhleb
    71 | D        | Reached ** piety under Makhleb
    72 | D        | Found a radiant altar of Vehumet.
    73 | D        | Found an ornate altar of the Wu Jian Council.
    74 | D        | Found a shimmering altar of Xom.
    75 | D        | Found a basalt altar of Yredelemnul.
    76 | D        | Found a glowing silver altar of Zin.
    77 | D        | Found a glowing golden altar of the Shining One.
   105 | D        | Noticed a troll
   105 | D        | Noticed a wyvern
   105 | D        | Noticed a two-headed ogre
   105 | D        | Noticed a wraith
   108 | D        | Reached skill level 1 in Invocations
   125 | D        | Killed a wraith
   126 | D        | Reached skill level 8 in Unarmed Combat
   126 | D        | Gained mutation: You are covered in thick fur. (AC +2)
                  | [Felid growth]
   126 | D        | Reached XP level 6. HP: 20/31 MP: 7/9
   143 | D        | Killed a wyvern
   144 | D        | Reached skill level 10 in Dodging
   144 | D        | Reached skill level 9 in Unarmed Combat
   144 | D        | Reached skill level 1 in Evocations
   146 | D        | Killed a two-headed ogre
   146 | D        | Reached *** piety under Makhleb
   147 | D        | Reached skill level 10 in Unarmed Combat
   147 | D        | Reached XP level 7. HP: 26/36 MP: 8/12
   147 | D        | Reached XP level 8. HP: 29/40 MP: 8/13
   155 | D        | Reached skill level 11 in Unarmed Combat
   158 | D        | Killed a troll
   168 | D        | Noticed a centaur warrior
   168 | D        | Noticed a cyclops
   168 | D        | Noticed a troll
   170 | D        | Killed a troll
   172 | D        | Reached **** piety under Makhleb
   178 | D        | Killed a cyclops
   179 | D        | Reached skill level 10 in Stealth
   179 | D        | Reached skill level 12 in Unarmed Combat
   182 | D        | Reached XP level 9. HP: 44/44 MP: 11/15
   188 | D        | Killed a centaur warrior
   189 | D        | Reached skill level 13 in Unarmed Combat
   319 | D        | Noticed a cane toad
   322 | D        | Reached skill level 5 in Evocations
   322 | D        | Noticed a death yak
   331 | D        | Reached ***** piety under Makhleb
   342 | D        | Killed a cane toad
   361 | D        | Killed a death yak
   362 | D        | Reached skill level 14 in Unarmed Combat
   366 | D        | Reached XP level 10. HP: 48/48 MP: 17/17
   426 | D        | Noticed a black mamba
   439 | D        | Killed a black mamba
   443 | D        | Reached ****** piety under Makhleb
   444 | D        | Reached skill level 15 in Unarmed Combat
   444 | D        | Noticed a cane toad
   451 | D        | Reached skill level 10 in Invocations
   486 | D        | Killed a cane toad
   508 | D        | Noticed a lindwurm
   509 | D        | Noticed a lindwurm
   525 | D        | Killed a lindwurm
   526 | D        | Reached skill level 15 in Dodging
   526 | D        | Reached skill level 16 in Unarmed Combat
   542 | D        | Killed a lindwurm
   934 | D        | Noticed Eustachio
   948 | D        | Killed Eustachio
  1064 | D        | Reached skill level 17 in Unarmed Combat
  1114 | D        | Noticed an orc knight
  1135 | D        | Reached XP level 11. HP: 32/51 MP: 20/20
  1316 | D        | HP: 1/51 [orc knight/+0 long sword of protection (23)]
  1328 | D        | Killed an orc knight
  1358 | D        | Noticed an orc high priest
  1383 | D        | Killed an orc high priest
  1488 | D        | Found Mopaec's General Store.
  1488 | D        | Noticed an orc high priest
  1488 | D        | Noticed an orc knight
  1488 | D        | Noticed an orc high priest
  1488 | D        | Noticed an orc high priest
  1488 | D        | Noticed an orc high priest
  1489 | D        | Noticed an orc high priest
  1490 | D        | Killed an orc high priest
  1491 | D        | Reached skill level 18 in Unarmed Combat
  1491 | D        | Found Xuppedu's Distillery.
  1492 | D        | Killed an orc high priest
  1493 | D        | Noticed an orc knight
  1494 | D        | Killed an orc high priest
  1495 | D        | Found Dilyll's Magic Scroll Boutique.
  1496 | D        | Killed an orc knight
  1497 | D        | Noticed an orc knight
  1500 | D        | Gained mutation: You are vulnerable to heat. (rF-) [a
                  | neqoxec]
  1501 | D        | Killed an orc high priest
  1502 | D        | Reached skill level 19 in Unarmed Combat
  1502 | D        | Found Fokuxual's Magic Scroll Shop.
  1505 | D        | Killed an orc high priest
  1514 | D        | Noticed an orc high priest
  1517 | D        | Killed an orc knight
  1518 | D        | Reached skill level 15 in Stealth
  1767 | D        | Killed an orc knight
  1812 | D        | Killed an orc high priest
  1851 | D        | Bought 2 potions of might for 104 gold pieces
  1851 | D        | Bought 2 potions of curing for 78 gold pieces
  1855 | D        | Bought a scroll of fear for 52 gold pieces
  1857 | D        | Bought a scroll of fog for 40 gold pieces
  1859 | D        | Bought a scroll of immolation for 52 gold pieces
  1863 | D        | Bought a potion of magic for 104 gold pieces
  1865 | D        | Bought a potion of mutation for 96 gold pieces
  1865 | D        | Bought a potion of resistance for 120 gold pieces
  1865 | D        | Bought a potion of mutation for 96 gold pieces
  1865 | D        | Bought the ring of Xom's Best Wishes {rF+ Will+} for 451
                  | gold pieces
  1865 | D        | Bought a potion of cancellation for 96 gold pieces
  1871 | D        | Bought a potion of attraction for 39 gold pieces
  1871 | D        | Bought a potion of lignification for 39 gold pieces
  1873 | D        | Bought a scroll of identify for 20 gold pieces
  1875 | D        | Bought 3 scrolls of magic mapping for 292 gold pieces
  1910 | D        | Noticed Urug
  1917 | D        | Killed Urug
  1918 | D        | Reached skill level 20 in Unarmed Combat
  2019 | D        | Noticed a brown ugly thing
  2031 | D        | Noticed an ice dragon
  2037 | D        | Noticed a frost giant
  2040 | D        | Gained mutation: Your thick and shaggy fur keeps you warm.
                  | (AC +3, rC+) [Felid growth]
  2040 | D        | Reached XP level 12. HP: 56/56 MP: 22/22
  2040 | D        | Noticed an ettin
  2049 | D        | Noticed a red very ugly thing
  2061 | D        | Noticed a tengu warrior
  2064 | D        | Noticed an ettin
  2073 | D        | Killed from afar by a frost giant
  2074 | D        | Reached XP level 11. HP: -1/52 MP: 21/21
  2304 | D        | Killed an ice dragon
  2417 | D        | Noticed a cacodemon
  2426 | D        | Gained mutation: You sometimes lose your temper in combat.
                  | [a cacodemon]
  2429 | D        | Gained mutation: You occasionally lose the ability to read
                  | scrolls when taking damage. [a cacodemon]
  2438 | D        | Gained mutation: Your magical capacity is low. (-10% MP) [a
                  | cacodemon]
  2448 | D        | Killed an ettin
  2449 | D        | Reached skill level 21 in Unarmed Combat
  2473 | D        | Killed a frost giant
  2481 | D        | Killed a red very ugly thing
  2486 | D        | Killed a tengu warrior
  2506 | D        | Noticed an ettin
  2516 | D        | Killed an ettin
  2521 | D        | Mangled by an ettin
  2522 | D        | Reached XP level 10. HP: -12/49 MP: 19/19
  2624 | D        | Lost mutation: You sometimes lose your temper in combat.
                  | [potion of mutation]
  2624 | D        | Lost mutation: You occasionally lose the ability to read
                  | scrolls when taking damage. [potion of mutation]
  2624 | D        | Gained mutation: You are agile. (Dex +4, Str/Int -1)
                  | [potion of mutation]
  2624 | D        | Gained mutation: You are partially covered in iridescent
                  | scales. (AC +2) [potion of mutation]
  2704 | D        | Killed an ettin
  2883 | D        | Noticed Nergalle
  2893 | D        | Killed Nergalle
  2955 | D        | Noticed a torpor snail
  2955 | D        | Noticed a torpor snail
  2955 | D        | Noticed a radroach
  2955 | D        | Noticed an entropy weaver
  2955 | D        | Noticed an orb spider
  2955 | D        | Noticed a wolf spider
  2956 | D        | Noticed an entropy weaver
  2961 | D        | HP: 1/49 [poisoned by a wolf spider]
  2961 | D        | Annihilated by a wolf spider

Illustrated notes

Levels and vault maps discovered:
D:        linesprint [early_d, line_temple, items_1, d_10, items_2, lair_1,
          lair_end, items_3, orc_1, orc_end, items_4, d_15, swamp_1, shoals_1,
          snake_1, spider_1, d_20, vaults_1, items_5, swamp_end, shoals_end,
          snake_end, spider_end, vaults_end, d_27, items_6, zot_1, zot_end,
          crypt_end, forest_end, elf_end, slime_end, tomb_end, abyss_end,
          pan_hell_end]

Skill      XL: |  1  2  3  4  5  6  7  8  9 10 11 12 |
---------------+-------------------------------------+-----
Stealth        | 3 5 6 8 10 12 13 15 16 | 16.3
Fighting       | 4 5 6 7 8 9 |  9.2
Dodging        | 6 8 9 12 13 14 15 17 | 17.5
Unarmed Combat | 4 6 7 8 10 12 14 17 21 | 21.9
Invocations    | 3 6 7 9 11 14 | 14.7
Evocations     | 3 4 5 |  5.9

Action                     |  1- 3 |  4- 6 |  7- 9 | 10-12 || total
---------------------------+-------+-------+-------+-------++-------
  Melee: Unarmed           |    20 |    24 |    73 |   405 ||   522
         Bite              |     3 |     4 |    10 |    60 ||    77
         Punch             |       |       |     6 |    57 ||    63
 Invoke: Major Destruction |       |       |       |     2 ||     2
         Greater Servant o |       |       |       |     2 ||     2
  Evoke: Wand              |       |     8 |     2 |       ||    10
    Use: Potion            |     1 |     5 |       |    14 ||    20
         Scroll            |       |       |       |     4 ||     4
   Stab: Sleeping          |     2 |     1 |     3 |     9 ||    15
         Invisible         |       |       |     2 |       ||     2
         Distracted        |       |       |       |     1 ||     1
 Armour: Skin              |     1 |       |     2 |    10 ||    13
  Dodge: Dodged            |    10 |    15 |    55 |   282 ||   362

Table legend: (Time is in decaauts)
 A = Elapsed time spent in this place.
 B = Non-inter-level travel time spent in this place.
 C = Inter-level travel time spent in this place.
 D = Time resting spent in this place.
 E = Time spent auto-exploring this place.
 F = Levels seen in this place.
 G = Mean time per level.
                   A        B        C        D        E       F      G
               +--------+--------+--------+--------+--------+-----+--------+
         Total |   2474 |   2474 |      0 |    601 |    771 |   1 | 2474.0 |
       Dungeon |   2474 |   2474 |      0 |    601 |    771 |   1 | 2474.0 |
               +--------+--------+--------+--------+--------+-----+--------+

Top non-repeatable levels by time:
       D: 2474 daAuts
